 Dungeon Crawl Stone Soup version 0.31-a0-596-g831eee08f1 (webtiles) character file.

Game seed: 1911543327128246870

744 jlumianski the Magician (level 8, 0/50 HPs)
             Began as a Djinni Fire Elementalist on Aug 20, 2023.
             Slain by a scorpion (5 damage)
             ... on level 4 of the Dungeon.
             The game lasted 00:25:51 (4644 turns).

jlumianski the Magician (Djinni Fire Elementalist)  Turns: 4644, Time: 00:25:52

Health: 0/50       AC: -2    Str:  7    XL:     8   Next: 5%
Gold:   233        EV: 13    Int: 19    God:
                   SH:  0    Dex: 14

rFire   + + .        m - +4 rapier (drain)
rCold   . . .        (no shield)
rNeg    . . .        a - +0 robe
rPois   ∞            (no helmet)
rElec   .            (no cloak)
rCorr   .            (no gloves)
SInv    .            (boots unavailable)
Will    .....        (no amulet)
Stlth   +++          e - ring of protection from cold
HPRegen 0.28/turn    (no ring)
MPRegen 0.00/turn

%: infuse magic (-1 HP)
@: corroded, flying, hasted, very quick
A: sickness immunity, fire resistance 2, cold vulnerability 1, float, innate
caster, HP casting, extra vitality 1
a: no special abilities


You were on level 4 of the Dungeon.
You visited 1 branch of the dungeon, and saw 5 of its levels.

You collected 233 gold pieces.

Inventory:

Hand Weapons
 d - a +0 dagger
 g - a +0 hand axe of freezing
 m - a +4 rapier of draining (weapon)
Missiles
 c - 2 boomerangs
 t - 4 datura-tipped darts
Armour
 a - a +0 robe (worn)
 p - a +0 leather armour
Magical Staves
 b - a staff of poison
 v - a staff of cold
Jewellery
 e - a ring of protection from cold (left hand)
 y - a ring of fire
Wands
 h - a wand of polymorph (8)
Scrolls
 i - 2 scrolls of noise {unknown}
 k - a scroll of fear {unknown}
 n - 2 scrolls of vulnerability {unknown}
 o - 2 scrolls of revelation {unknown}
 r - a scroll of amnesia
 s - a scroll of acquirement {unknown}
 u - a scroll of immolation {unknown}
 z - a scroll of enchant armour {unknown}
Potions
 f - a potion of might
 q - a potion of degeneration
 w - a potion of brilliance
 x - a potion of lignification {unknown}
 A - a potion of invisibility {unknown}


   Skills:
 + Level 1.5 Short Blades
 + Level 3.5 Dodging
 + Level 4.2 Stealth
 * Level 5.4 Spellcasting
 * Level 5.4 Conjurations
 * Level 5.4 Hexes
 * Level 5.4 Summonings
 * Level 5.4 Necromancy
 * Level 5.4 Translocations
 * Level 5.4 Transmutations
 * Level 5.4 Fire Magic
 * Level 5.4 Ice Magic
 * Level 5.4 Air Magic
 * Level 5.4 Earth Magic
 * Level 5.4 Poison Magic


You knew the following spells:

 Your Spells              Type           Power      Damage    Failure   Level
a - Foxfire               Conj/Fire      100%       2x1d9     1%          1
b - Scorch                Fire           50%        2d7       1%          2
c - Volatile Blastmotes   Fire/Tloc      50%        2d14      3%          3
d - Inner Flame           Hex/Fire       25%        N/A       3%          3
e - Flame Wave            Conj/Fire      25%        2d8       13%         4
f - Summon Small Mammal   Summ           100%       N/A       1%          1
g - Ensorcelled Hibernat  Hex/Ice        50%        N/A       1%          2
h - Summon Guardian Gole  Hex/Summ       25%        N/A       3%          3
Your spell library was empty.

Dungeon Overview and Level Annotations

Branches:
Dungeon (5/15)
 Temple: D:4-7

Altars:
The Shining One


Innate Abilities, Weirdness & Mutations

You are immune to sickness and miasma.
You are immune to poison.
Your flesh is very heat resistant. (rF++)
You are vulnerable to cold. (rC-)
You float through the air rather than walking.
You learn spells naturally, not from books.
Your magical power is your life essence.
You have superior vitality. (+4 MHP)


Message History

Your quokka is burned by acid!
Your quokka dies!
Your quokka's corpse disappears in a puff of smoke!
Items here: )) [ ††.
Okay, then.
Unknown command.
You feel better. The scorpion barely misses you.
The scorpion completely misses you.
You feel better. The jelly barely misses you. The scorpion stings you!
* * * LOW HITPOINT WARNING * * *
The scorpion completely misses you.
Casting: Summon Small Mammal (safe; 1% risk of failure)
Confirm with . or Enter, or press ? or * to list all spells.
A cloud of volatile blastmotes flares up around you!
* * * LOW HITPOINT WARNING * * *
The jelly completely misses you. The scorpion stings you.
* * * LOW HITPOINT WARNING * * *
The scorpion closely misses you.
The cloud of blastmotes explodes!
The concussive blast engulfs the scorpion!
The scorpion is heavily wounded.
The concussive blast engulfs the scorpion!
The scorpion is severely wounded.
The concussive blast engulfs the jelly!
The jelly is heavily wounded.
The concussive blast engulfs you. You resist.
* * * LOW HITPOINT WARNING * * *
The scorpion is knocked back by the blast.
The jelly is knocked back by the blast.
You are knocked back by the blast.
You feel yourself speed up. The scorpion stings you.
* * * LOW HITPOINT WARNING * * *
You feel better. The scorpion stings you.
* * * LOW HITPOINT WARNING * * *
The scorpion barely misses you.
You feel better. The jelly hits you.
* * * LOW HITPOINT WARNING * * *
You are splashed with acid!
* * * LOW HITPOINT WARNING * * *
The scorpion stings you.
You die...

..###..............## #####
....................# ##...#
...###.....#####..#.####....#
..## ##..### #...#..#....##
.## #..## #.......##.#.# ##
##..# ##.........#..# # #..#
##.....#.......## #
#..####......##.>)....## #
#...##...@...##..###...###
#.......ss...#..## ####..#
#........J...#..# #... ##
##..............## ##.. .###
#......[.......## ###
...####.....>........# #.
......#....)...#....## ##.
#.............####..## ##..
.##...........# #...## ###...


You could see 2 scorpions and a jelly.

Vanquished Creatures
  Sigmund (D:2)
  A phantom (D:4)
  2 orc priests
  A hound (D:3)
  Jessica (D:2)
  An iguana (D:4)
  3 orc wizards
  5 gnolls
  4 adders
  2 worms (D:2)
  6 orcs
  7 endoplasms
  A giant cockroach (D:2)
  6 goblins
  6 hobgoblins
  3 jackals (D:3)
  3 quokkas
  3 ball pythons
  5 bats
  2 frilled lizards
  4 kobolds (D:1)
  7 rats
74 creatures vanquished.

Vanquished Creatures (collateral kills)
  An ogre (D:4)
  A howler monkey (D:4)
  2 orcs
  A ball python (D:4)
  A jackal (D:3)
  A bat (D:3)
7 creatures vanquished.

Vanquished Creatures (others)
  175 foxfires
175 creatures vanquished.

Grand Total: 256 creatures vanquished

Notes
Turn   | Place    | Note
-------+----------+-------------------------------------------
     0 | D:1      | jlumianski the Djinni Fire Elementalist began the quest for
                  | the Orb.
     0 | D:1      | jlumianski set off with the following spells memorised:
                  | Foxfire, Scorch, Volatile Blastmotes, Inner Flame, Flame
                  | Wave.
     0 | D:1      | Reached XP level 1. HP: 15/15 MP: 0/0
   203 | D:1      | Reached XP level 2. HP: 21/21 MP: 0/0
   231 | D:1      | Found a faded altar of an unknown god.
   334 | D:2      | Reached XP level 3. HP: 18/25 MP: 0/0
   334 | D:2      | Learned a level 1 spell: Summon Small Mammal
  1094 | D:2      | Found a glowing golden altar of the Shining One.
  1154 | D:2      | Reached XP level 4. HP: 28/31 MP: 0/0
  1375 | D:2      | Noticed Sigmund
  1805 | D:2      | Killed Sigmund
  1806 | D:2      | Reached XP level 5. HP: 19/35 MP: 0/0
  1806 | D:2      | Learned a level 2 spell: Ensorcelled Hibernation
  1806 | D:2      | Reached XP level 6. HP: 22/40 MP: 0/0
  2000 | D:2      | Noticed Jessica
  2007 | D:2      | Killed Jessica
  2579 | D:3      | Reached XP level 7. HP: 42/45 MP: 0/0
  2579 | D:3      | Learned a level 3 spell: Summon Guardian Golem
  3616 | D:4      | Reached skill level 5 in Spellcasting
  3616 | D:4      | Reached skill level 5 in Conjurations
  3616 | D:4      | Reached skill level 5 in Hexes
  3616 | D:4      | Reached skill level 5 in Summonings
  3616 | D:4      | Reached skill level 5 in Necromancy
  3616 | D:4      | Reached skill level 5 in Translocations
  3616 | D:4      | Reached skill level 5 in Transmutations
  3616 | D:4      | Reached skill level 5 in Fire Magic
  3616 | D:4      | Reached skill level 5 in Ice Magic
  3616 | D:4      | Reached skill level 5 in Air Magic
  3616 | D:4      | Reached skill level 5 in Earth Magic
  3616 | D:4      | Reached skill level 5 in Poison Magic
  3793 | D:5      | Entered Level 5 of the Dungeon
  4023 | D:4      | Reached skill level 1 in Short Blades
  4434 | D:4      | Reached XP level 8. HP: 7/50 MP: 0/0
  4640 | D:4      | HP: 1/50 [scorpion (6)]
  4644 | D:4      | Slain by a scorpion

Illustrated notes

Levels and vault maps discovered:
D:1:      kilobyte_arrival_exit_the_forest, layout_basic,
          shapermc_ecumenical_altar_pompeii
D:2:      layout_basic, basic_altar, uniq_jessica, uniq_sigmund
D:3:      layout_basic
D:4:      layout_layer_cave
D:5:      layout_cave_pools, nicolae_overflow_hidden_temple,
          minmay_temple_entry_tees, serial_bayou_crossing

Skill      XL: |  1  2  3  4  5  6  7 |
---------------+----------------------+-----
Spellcasting   | 4 5 |  5.4
Conjurations   | 4 5 |  5.4
Hexes          | 4 5 |  5.4
Summonings     | 4 5 |  5.4
Necromancy     | 4 5 |  5.4
Translocations | 4 5 |  5.4
Transmutations | 4 5 |  5.4
Fire Magic     | 4 5 |  5.4
Ice Magic      | 4 5 |  5.4
Air Magic      | 4 5 |  5.4
Earth Magic    | 4 5 |  5.4
Poison Magic   | 4 5 |  5.4
Stealth        | 2 3 4 |  4.2
Dodging        | 3 |  3.5
Short Blades   | 1 |  1.5

Action                     |  1- 3 |  4- 6 |  7- 9 || total
---------------------------+-------+-------+-------++-------
  Melee: Staff             |     5 |     4 |       ||     9
         Rapier            |       |     7 |    26 ||    33
   Cast: Foxfire           |    41 |    42 |    16 ||    99
         Scorch            |       |     6 |     8 ||    14
         Summon Small Mamm |       |     5 |    14 ||    19
         Inner Flame       |       |     1 |       ||     1
         Summon Guardian G |       |       |     4 ||     4
         Ensorcelled Hiber |       |       |     3 ||     3
         Volatile Blastmot |       |       |     1 ||     1
    Use: Potion            |       |     3 |     5 ||     8
         Scroll            |       |     3 |     4 ||     7
   Stab: Sleeping          |       |     2 |     2 ||     4
 Armour: Robe              |     1 |     2 |     7 ||    10
  Dodge: Dodged            |     7 |    14 |    53 ||    74

Table legend: (Time is in decaauts)
 A = Elapsed time spent in this place.
 B = Non-inter-level travel time spent in this place.
 C = Inter-level travel time spent in this place.
 D = Time resting spent in this place.
 E = Time spent auto-exploring this place.
 F = Levels seen in this place.
 G = Mean time per level.
                   A        B        C        D        E       F      G
               +--------+--------+--------+--------+--------+-----+--------+
         Total |   4644 |   4551 |     93 |    385 |   2666 |   5 |  928.8 |
       Dungeon |   4644 |   4551 |     93 |    385 |   2666 |   5 |  928.8 |
               +--------+--------+--------+--------+--------+-----+--------+

Top non-repeatable levels by time:
     D:4: 1379 daAuts
     D:2: 1292 daAuts
     D:1: 966 daAuts
     D:3: 956 daAuts
     D:5: 48 daAuts
